Map: Lightshade LE

Players

Astrea - Winner!

  • Race: Protoss Protoss
  • League: Master
  • Spawn Location: 11:00

Asuna

  • Race: Protoss Protoss
  • League: Master
  • Spawn Location: 5:00

Event: DreamHack SC2 Masters 2020 Winter

VOD

Have the link to the VOD?

Description

Time

  • Played on: Oct. 28, 2020, 6:29 p.m.
  • Length: 13:15

All games in this series

Show
View Real Time Build Order
Export as new Build Order

Astrea Protoss - Winner!

Build Orders: Phoenix Opening 

Get SALT Encoding   

  12  0:00  Probe  
  13  0:12  Probe  
  14  0:17  Pylon  
  14  0:24  Probe (Chrono Boost)  
  15  0:36  Gateway, Probe (Chrono Boost)  
  16  0:44  Probe (Chrono Boost)  
  16  0:46  Assimilator  
  17  0:51  Probe  
  17  0:56  Assimilator  
  18  1:03  Probe (Chrono Boost)  
  19  1:08  Gateway  
  19  1:12  Probe (Chrono Boost)  
  19  1:17  Probe (Chrono Boost)  
  20  1:24  Cybernetics Core  
  21  1:29  Probe  
  22  1:35  Pylon  
  22  1:41  Probe  
  23  1:53  Probe  
  24  2:01  Stalker (Chrono Boost)  
  24  2:02  Warp Gate  
  24  2:06  Probe  
  27  2:18  Gateway  
  27  2:19  Shield Battery  
  27  2:20  Probe  
  28  2:27  Sentry  
  30  2:36  Probe  
  30  2:47  Nexus, Stargate  
  30  2:51  Probe  
  31  2:58  Pylon  
  31  3:16  Probe (Chrono Boost)  
  32  3:20  Pylon  
  32  3:26  Probe (Chrono Boost)  
  33  3:30  Phoenix  
  33  3:31  Probe (Chrono Boost)  
  36  3:42  Probe  
  35  3:50  Stalker x2  
  35  3:54  Probe  
  37  4:01  Phoenix  
  39  4:05  Probe  
  39  4:13  Probe (Chrono Boost)  
  39  4:17  Probe (Chrono Boost)  
  40  4:25  Probe (Chrono Boost)  
  40  4:27  Probe (Chrono Boost), Sentry  
  44  4:32  Probe (Chrono Boost)  
  44  4:34  Probe (Chrono Boost)  
  44  4:37  Probe (Chrono Boost)  
  47  4:43  Probe  
  49  4:47  Stalker  
  49  4:49  Probe  
  49  4:50  Stalker  
  55  5:01  Probe  
  55  5:02  Pylon  
  55  5:05  Gateway  
  55  5:08  Probe  
  55  5:12  Sentry  
  55  5:13  Stalker, Probe  
  59  5:20  Gateway  
  60  5:21  Probe  
  60  5:25  Probe  
  60  5:27  Shield Battery  
  61  5:34  Probe  
  62  5:37  Sentry  
  62  5:38  Assimilator, Stalker, Probe  
  62  5:42  Pylon  
  67  5:48  Probe  
  68  5:50  Probe  
  68  5:51  Assimilator  
  69  6:00  Probe  
  69  6:02  Probe  
  71  6:06  Twilight Council  
  71  6:10  Stalker x2  
  75  6:17  Stalker  
  77  6:22  Shield Battery  
  77  6:24  Pylon x2  
  77  6:25  Pylon  
  77  6:29  Gateway  
  76  6:43  Blink (Chrono Boost)  
  76  6:44  Stalker x2  
  76  6:45  Sentry  
  76  6:46  Stalker  
  84  7:02  Nexus  
  84  7:06  Probe x2  
  84  7:08  Stalker x2  
  90  7:14  Stalker  
  92  7:16  Stalker  
  92  7:19  Probe (Chrono Boost)  
  96  7:23  Probe (Chrono Boost)  
  96  7:29  Probe (Chrono Boost)  
  97  7:30  Stalker  
  97  7:31  Stalker  
  97  7:32  Probe (Chrono Boost)  
  97  7:36  Stalker  
  98  7:38  Stalker  
  98  7:44  Probe  
  101  7:46  Pylon  
  101  7:47  Pylon  
  101  7:48  Probe  
  104  8:05  Probe x2  
  104  8:06  Stalker x2  
  104  8:07  Stalker  
  104  8:12  Pylon  
  110  8:18  Stalker  
  111  8:21  Gateway  
  109  8:27  Probe  
  109  8:32  Probe  
  105  8:39  Stalker x3  
  111  8:47  Charge (Chrono Boost), Probe x3 (Chrono Boost)  
  108  8:52  Templar Archives  
  109  8:56  Probe (Chrono Boost)  
  109  8:57  Probe x2 (Chrono Boost)  
  109  8:59  Robotics Facility  
  111  9:02  Assimilator  
  111  9:03  Probe  
  111  9:04  Probe x2  
  111  9:05  Assimilator  
  114  9:15  Probe  
  115  9:18  Pylon, Probe x2  
  117  9:27  Probe  
  117  9:29  High Templar x3, Gateway  
  124  9:31  Gateway  
  124  9:35  Gateway  
  124  9:36  Forge  
  124  9:38  High Templar  
  124  9:39  Zealot  
  128  9:47  Psionic Storm  
  128  9:51  Probe x2  
  128  9:52  Probe  
  131  9:56  Observer  
  132  10:01  Pylon  
  132  10:02  Protoss Ground Weapons Level 1 (Chrono Boost)  
  132  10:06  Nexus  
  132  10:12  Pylon  
  132  10:14  Pylon  
  132  10:16  High Templar x2, Zealot x2  
  132  10:21  Photon Cannon, Archon  
  140  10:27  Probe  
  142  10:28  Probe  
  142  10:31  Probe  
  142  10:40  Probe  
  142  10:41  Pylon  
  143  10:44  Probe  
  143  10:45  Probe  
  143  10:46  Pylon  
  143  10:48  High Templar x2, Warp Prism  
  143  10:49  High Templar x2  
  155  10:52  Probe  
  155  10:53  Archon x2  
  155  10:54  Zealot x3  
  162  11:00  Probe x2  
  162  11:04  Probe  
  165  11:12  Probe  
  166  11:19  High Templar x2, Zealot  
  166  11:20  Zealot  
  166  11:21  Zealot x4  
  166  11:23  Observer, Probe x3  
  166  11:24  Archon, Probe  
  186  11:28  Observer  
  178  11:33  Archon  
  178  11:38  Probe x4  
  182  11:41  Assimilator  
  182  11:45  Assimilator  
  182  11:46  High Templar x3  
  182  11:47  High Templar, Zealot x2  
  190  11:50  Archon  
  190  11:52  Archon  
  192  12:01  Photon Cannon  
  192  12:02  Pylon, Shield Battery  
  192  12:05  Forge  
  192  12:07  Observer (Chrono Boost)  
  193  12:10  Nexus  
  193  12:20  Observer (Chrono Boost)  
  194  12:29  Zealot x5  
  198  12:30  Zealot  
  188  12:47  High Templar x2  
  188  12:48  Probe x4  
  188  12:50  Pylon  
  194  12:51  Pylon  
  194  12:54  Gateway  
  194  12:56  Gateway  
  194  12:57  Gateway  
  184  13:02  Gateway x2  
  184  13:03  Gateway, Pylon  
Show
View Real Time Build Order
Export as new Build Order

Asuna Protoss 

Build Orders: Phoenix Opening 

Get SALT Encoding   

  12  0:00  Probe  
  13  0:12  Probe  
  14  0:16  Pylon  
  14  0:26  Probe (Chrono Boost)  
  15  0:38  Gateway, Probe (Chrono Boost)  
  16  0:46  Probe (Chrono Boost)  
  16  0:47  Assimilator  
  17  0:52  Probe  
  18  1:01  Forge  
  18  1:05  Probe  
  19  1:17  Pylon, Probe  
  20  1:22  Pylon  
  20  1:29  Probe  
  21  1:35  Cybernetics Core  
  21  1:40  Pylon  
  21  1:42  Probe  
  21  1:43  Assimilator  
  22  1:54  Probe  
  23  2:06  Probe  
  23  2:07  Nexus  
  24  2:10  Adept (Chrono Boost)  
  26  2:18  Probe  
  27  2:25  Warp Gate  
  27  2:33  Adept  
  27  2:36  Pylon  
  28  2:45  Stargate  
  28  2:50  Pylon  
  28  2:52  Probe  
  29  3:00  Shield Battery  
  29  3:03  Stalker  
  31  3:07  Probe  
  32  3:19  Probe  
  33  3:24  Probe  
  34  3:27  Shield Battery  
  34  3:31  Probe  
  34  3:33  Stalker  
  37  3:45  Phoenix (Chrono Boost)  
  39  3:49  Probe  
  40  3:56  Shield Battery  
  40  4:06  Gateway  
  40  4:11  Phoenix (Chrono Boost)  
  40  4:16  Probe x2  
  40  4:19  Robotics Facility  
  40  4:28  Probe  
  41  4:31  Phoenix (Chrono Boost)  
  43  4:40  Pylon  
  43  4:43  Probe x2  
  43  4:45  Assimilator  
  45  4:55  Probe  
  46  5:00  Gateway  
  46  5:01  Stalker x2, Gateway  
  46  5:04  Phoenix (Chrono Boost)  
  52  5:09  Gateway  
  52  5:15  Pylon  
  52  5:20  Phoenix (Chrono Boost)  
  52  5:26  Stalker  
  56  5:29  Stalker  
  56  5:34  Probe x2  
  60  5:38  Phoenix (Chrono Boost)  
  62  5:46  Probe x2  
  64  5:57  Stargate  
  64  5:59  Probe x2  
  66  6:05  Assimilator  
  66  6:11  Probe x2  
  66  6:12  Phoenix (Chrono Boost)  
  70  6:20  Pylon  
  70  6:24  Pylon  
  70  6:38  Phoenix (Chrono Boost), Probe x2  
  74  6:44  Phoenix (Chrono Boost)  
  74  6:46  Shield Battery  
  73  6:50  Probe x2  
  75  6:56  Zealot x3  
  75  6:58  Phoenix (Chrono Boost)  
  75  6:59  Sentry  
  85  7:07  Pylon  
  85  7:11  Robotics Facility  
  85  7:25  Phoenix x2, Pylon  
  85  7:28  Pylon  
  90  7:37  Probe x2  
  91  7:46  Twilight Council  
  93  7:59  Nexus  
  93  8:00  Pylon  
  93  8:03  Protoss Air Weapons Level 1 (Chrono Boost)  
  93  8:04  Void Ray x2  
  93  8:08  Pylon  
  99  8:17  Probe x2  
  99  8:41  Void Ray  
  97  8:43  Void Ray  
  97  8:47  Probe  
  97  8:48  Probe  
  101  8:53  Robotics Bay  
  105  8:58  Pylon, Observer (Chrono Boost)  
  105  9:00  Probe x2  
  108  9:06  Forge  
  108  9:11  Shield Battery  
  108  9:12  Probe x2  
  108  9:13  Shield Battery  
  108  9:15  Pylon  
  110  9:19  Void Ray  
  110  9:20  Shield Battery, Immortal (Chrono Boost)  
  110  9:23  Shield Battery  
  114  9:24  Pylon  
  118  9:33  Assimilator, Probe x2  
  118  9:37  Assimilator  
  120  9:40  Photon Cannon  
  120  9:48  Probe x2  
  120  9:49  Disruptor (Chrono Boost)  
  125  9:55  Photon Cannon, Pylon  
  125  10:01  Photon Cannon, Void Ray (Chrono Boost)  
  125  10:03  Void Ray (Chrono Boost)  
  133  10:20  Disruptor (Chrono Boost)  
  136  10:24  Protoss Air Armor Level 1 (Chrono Boost)  
  136  10:32  Fleet Beacon  
  136  10:33  Void Ray  
  138  10:53  Disruptor (Chrono Boost)  
  141  10:58  Photon Cannon  
  141  11:00  Pylon  
  137  11:12  Zealot  
  137  11:13  Zealot x4  
  137  11:16  Nexus  
  147  11:18  Pylon  
  147  11:20  Photon Cannon, Shield Battery  
  147  11:22  Photon Cannon  
  138  11:35  Carrier (Chrono Boost)  
  134  11:45  Carrier (Chrono Boost)  
  146  11:48  Disruptor (Chrono Boost)  
  146  11:53  Nexus  
  149  11:54  Flux Vanes, Pylon  
  149  12:00  Stargate  
  149  12:11  Pylon  
  149  12:13  Photon Cannon, Pylon  
  149  12:15  Photon Cannon  
  149  12:17  Zealot x2  
  151  12:24  Zealot  
  151  12:25  Zealot x2  
  145  12:34  Disruptor  
  127  12:54  Zealot x2  
  127  12:55  Zealot  
Tags
 
Add a new tag
Caveats
  • Supply blocks, unpowered buildings, or Contaminate may cause inaccurate times.
  • Supply counts are checked every 10 seconds.